Map: King's Cove LE

Players

A.I. 1 (Very Easy) - Winner!

  • Race: Terran Terran
  • Spawn Location: 11:00

Soon

  • Race: Terran Terran
  • Spawn Location: 5:00

VOD

Have the link to the VOD?

Description

Time

  • Played on: Jan. 23, 2023, 5:42 p.m.
  • Length: 8:08
Show
View Real Time Build Order
Export as new Build Order

A.I. 1 (Very Easy) Terran - Winner!

Build Orders: Reaper Expand 

Get SALT Encoding   

  12  0:00  SCV  
  13  0:13  SCV  
  14  0:19  Supply Depot  
  14  0:42  Barracks  
  14  1:06  Command Center  
  14  1:30  Orbital Command  
  14  1:31  Marine  
  15  1:34  Supply Depot  
  15  1:40  Refinery  
  15  1:51  Refinery  
  15  1:55  SCV  
  16  2:07  SCV  
  17  2:19  SCV, Reaper  
  17  2:21  SCV  
  20  2:31  SCV  
  20  2:35  SCV  
  22  2:43  SCV  
  23  2:49  SCV  
  24  2:55  Refinery  
  24  2:57  SCV  
  25  3:04  Marine, SCV  
  27  3:11  SCV  
  28  3:18  SCV  
  29  3:23  Factory  
  29  3:25  SCV  
  30  3:48  Refinery  
  30  3:49  Marine, SCV  
  32  3:56  SCV  
  32  3:59  Supply Depot  
  33  4:03  SCV  
  34  4:11  SCV  
  34  4:12  Starport  
  35  4:18  SCV  
  36  4:25  SCV  
  37  4:32  SCV  
  37  4:35  Supply Depot, Reaper  
  39  4:39  SCV  
  40  4:46  SCV  
  40  4:49  Starport Tech Lab  
  41  4:54  SCV  
  42  5:01  SCV  
  43  5:08  SCV  
  43  5:09  Raven  
  46  5:15  SCV  
  46  5:19  Marine  
  46  5:23  Supply Depot  
  46  5:26  SCV  
  38  5:33  SCV  
  28  5:40  SCV  
  26  5:43  Raven  
  26  5:48  SCV, Hellion  
  31  5:55  SCV  
  32  6:02  SCV  
  33  6:09  SCV  
  34  6:17  Marine, SCV  
  36  6:24  SCV  
  37  6:31  SCV  
  38  6:38  SCV  
  37  6:45  SCV  
  37  6:46  Hellion  
  39  6:48  Raven  
  39  6:53  SCV  
  37  7:00  SCV  
  38  7:07  SCV  
  39  7:14  SCV  
  39  7:15  Hellion  
  40  7:21  SCV  
  36  7:29  SCV  
  30  7:32  Starport Tech Lab  
  30  7:36  SCV  
  26  7:43  SCV  
  25  7:50  SCV  
Show
View Real Time Build Order
Export as new Build Order

Soon Terran 

Build Orders:  

Get SALT Encoding   

  12  0:00  SCV  
  13  0:12  SCV  
  14  0:17  Supply Depot  
  14  0:24  SCV  
  15  0:39  SCV  
  15  0:40  Barracks  
  16  0:46  Refinery  
  16  0:52  SCV  
  17  1:00  Barracks  
  17  1:04  SCV  
  17  1:11  Refinery  
  18  1:18  SCV  
  19  1:29  Reaper  
  20  1:32  Orbital Command  
  20  1:47  Reaper  
  20  1:48  Supply Depot  
  21  1:58  SCV  
  21  2:01  Reaper  
  23  2:10  SCV  
  23  2:14  Factory  
  26  2:22  SCV, Reaper  
  26  2:31  Supply Depot  
  26  2:35  Reaper  
  27  2:42  SCV  
  28  2:54  SCV  
  28  2:57  Command Center  
  31  2:58  Hellion  
  31  3:04  Reaper  
  32  3:07  Reaper  
  33  3:13  SCV  
  33  3:17  Supply Depot  
  34  3:20  Hellion  
  36  3:29  Starport  
  36  3:34  SCV  
  36  3:38  Barracks Reactor  
  36  3:39  Barracks Tech Lab  
  37  3:43  Hellion  
  37  3:47  SCV  
  40  3:54  Refinery  
  40  3:59  Marine, SCV  
  40  4:00  Stimpack  
  42  4:10  Medivac  
  42  4:11  Orbital Command  
  42  4:14  SCV  
  45  4:21  Factory Tech Lab  
  45  4:26  Marine, SCV  
  45  4:27  Marine x2  
  49  4:38  SCV x2  
  50  4:44  Marine x3  
  54  4:46  Siege Tank  
  54  4:49  Supply Depot  
  54  4:52  SCV x2  
  59  4:55  Medivac  
  61  5:02  Marine  
  62  5:10  Marine x2  
  62  5:11  SCV x2  
  62  5:12  Supply Depot  
  66  5:15  Supply Depot  
  66  5:20  Marine  
  67  5:27  Siege Tank  
  67  5:28  Starport Reactor  
  70  5:32  Starport Reactor  
  70  5:33  Marine x2, SCV x2  
  72  5:45  SCV  
  72  5:46  SCV  
  72  5:47  Combat Shield  
  72  5:49  Command Center  
  74  5:57  Supply Depot  
  74  5:58  SCV x2  
  74  5:59  Siege Tank  
  74  6:03  Engineering Bay  
  79  6:15  Marine x3  
  79  6:16  Medivac  
  79  6:17  Medivac  
  86  6:21  SCV  
  86  6:22  Barracks, SCV  
  86  6:24  Supply Depot  
  88  6:35  Marine x3  
  88  6:36  Siege Tank  
  94  6:46  SCV x2  
  96  6:47  Refinery  
  96  6:58  SCV x2  
  98  7:06  Marine x3, Starport Reactor  
  98  7:08  Siege Tank, Barracks x2  
  101  7:10  SCV  
  105  7:16  SCV  
  105  7:20  Supply Depot  
  105  7:21  Orbital Command  
  105  7:22  Supply Depot  
  106  7:24  Marine  
  106  7:25  Marine  
  106  7:28  Marine  
  106  7:29  Marine, Armory  
  110  7:30  Engineering Bay  
  110  7:33  SCV  
  110  7:34  SCV  
  115  7:45  Supply Depot  
  115  7:46  SCV x2, Supply Depot  
  121  7:56  Barracks x2  
Tags
 
Matchup
TvT
Race
Terran
Spawn Locations
Cross Positions
Add a new tag
Caveats
  • Supply blocks, unpowered buildings, or Contaminate may cause inaccurate times.
  • Supply counts are checked every 10 seconds.